 Dungeon Crawl Stone Soup version 0.22.1-2-g9c5b331383 (webtiles) character file.

90 Ihlosi the Ducker (level 4, -2/27 HPs)
             Began as a Kobold Gladiator on Nov 30, 2018.
             Killed from afar by a goblin (10 damage)
             ... with a wand of flame (23)
             ... on level 2 of the Dungeon.
             The game lasted 00:04:12 (1466 turns).

Ihlosi the Ducker (Kobold Gladiator)                Turns: 1466, Time: 00:04:12

Health: -2/27      AC:  5    Str: 12    XL:     4   Next: 85%
Magic:  4/4        EV: 16    Int:  9    God:
Gold:   99         SH:  0    Dex: 16    Spells: 3/3 levels left

rFire    . . .     SeeInvis .   a - +0 long sword
rCold    . . .     Gourm    .   (shield restricted)
rNeg     . . .     Faith    .   b - +0 leather armour
rPois    .         Spirit   .   c - +0 helmet
rElec    .         Reflect  .   k - +0 cloak {+Inv}
rCorr    .         Harm     .   (no gloves)
MR       .....                  (no boots)
Stlth    ++........             (no amulet)
HPRegen  0.09/turn              (no ring)
MPRegen  0.09/turn              (no ring)

@: no status effects
A: small, carnivore
a: Evoke Invisibility


You were on level 2 of the Dungeon.
You were very full.

You visited 1 branch of the dungeon, and saw 2 of its levels.

You collected 99 gold pieces.

Inventory:

Hand Weapons
 a - a +0 long sword (weapon)
Missiles
 j - 2 throwing nets (quivered)
Armour
 b - a +0 leather armour (worn)
 c - a +0 helmet (worn)
 k - a +0 cloak of invisibility (worn)
Scrolls
 e - a scroll of magic mapping {unknown}
Potions
 d - a potion of mutation {unknown}
 g - a potion of curing
 h - a potion of brilliance {unknown}
 i - a potion of degeneration {unknown}
Comestibles
 f - 5 rations


   Skills:
 * Level 2.6 Fighting
 + Level 3.2 Long Blades
 - Level 2.1 Throwing
 - Level 1.0 Armour
 + Level 4.2 Dodging
 * Level 2.0 Stealth


You had 3 spell levels left.
You didn't know any spells.
Your spell library was empty.

Dungeon Overview and Level Annotations

Branches:
Dungeon (2/15)

Altars:

Annotations:
D:2 Terence


Innate Abilities, Weirdness & Mutations

You are small and have problems with some larger weapons.
You are carnivorous and can eat meat at any time.


Message History

The puff of flame hits you!
It is a wand of flame (25).
You slash the hobgoblin!
You kill the hobgoblin!
The bat hits you but does no damage.
The goblin zaps a wand.
The puff of flame misses you.
The puff of flame hits the bat.
The bat dies!
Unknown command.
Things that are here:
a club; a bat corpse; a hobgoblin corpse The goblin zaps a wand.
The puff of flame hits you!
* * * LOW HITPOINT WARNING * * *
You hit the goblin but do no damage. The goblin hits you but does no damage.
You closely miss the goblin. The goblin closely misses you.
You closely miss the goblin. The goblin hits you but does no damage.
The goblin barely misses you.
You hit the goblin but do no damage. The goblin misses you.
You riposte.
You closely miss the goblin. You completely miss the goblin.
The goblin zaps a wand.
The puff of flame hits you!
You die...

. .. .#.# .... ##..## .
#<...# ## ... ##..#.# #.##
.#.........#...#.###...##
............g@.........#
#.
#............†.).......#
..
#........##.(.†........#
..##......#.###.........#.
........###...#.##>...#...
#.....................# #.
###...................#
#..[..................#
#......#..............#
#..


You could see a goblin.

Vanquished Creatures
  Crazy Yiuf (D:2)
  An ooze (D:2)
  A leopard gecko (D:1)
  13 giant cockroaches
  4 goblins
  6 hobgoblins
  7 jackals
  2 quokkas (D:2)
  3 bats (D:1)
  A frilled lizard (D:1)
  6 kobolds
  2 rats
47 creatures vanquished.

Vanquished Creatures (others)
  A bat (D:2)
1 creature vanquished.

Grand Total: 48 creatures vanquished

Notes
Turn   | Place    | Note
-------+----------+-------------------------------------------
     0 | D:1      | Ihlosi the Kobold Gladiator began the quest for the Orb.
     0 | D:1      | Reached XP level 1. HP: 12/12 MP: 1/1
   283 | D:1      | Reached XP level 2. HP: 17/17 MP: 2/2
   333 | D:1      | Reached skill level 4 in Dodging
   773 | D:2      | Reached XP level 3. HP: 19/21 MP: 3/3
   794 | D:2      | Reached skill level 1 in Stealth
   803 | D:2      | Reached skill level 1 in Armour
  1000 | D:2      | Noticed Terence
  1145 | D:2      | Reached XP level 4. HP: 23/27 MP: 4/4
  1234 | D:2      | Found a runed door.
  1238 | D:2      | Noticed Crazy Yiuf
  1252 | D:2      | Killed Crazy Yiuf
  1466 | D:2      | Killed from afar by a goblin

Skill      XL: |  1  2  3  4 |
---------------+-------------+-----
Dodging        | 4 |  4.2
Stealth        | 1 2 |  2.0
Armour         | 1 |  1.0
Long Blades    | 3 |  3.2
Fighting       | |  2.6
Throwing       | |  2.1

Action                   |  1- 3 |  4- 6 || total
-------------------------+-------+-------++-------
Melee: Long sword        |    99 |    28 ||   127
Throw: Throwing net      |       |     3 ||     3
  Use: Potion            |     1 |     1 ||     2
 Stab: Sleeping          |     1 |     1 ||     2
       Held in net/web   |       |     1 ||     1
  Eat: Chunk             |     9 |     1 ||    10
Armor: Leather armour    |    28 |     8 ||    36
Dodge: Dodged            |   126 |    33 ||   159
       Rpst.: Long sword |    46 |    11 ||    57
